 Dungeon Crawl Stone Soup version 0.20-a0-443-g0464b71 (webtiles) character file.

2439 PurpleRed the Zephyrmancer (level 9, -1/45 HPs)
             Began as a Tengu Air Elementalist on Jan 6, 2017.
             Was an Initiate of Vehumet.
             Shot with an arrow by a centaur (13 damage)
             ... on level 6 of the Dungeon.
             The game lasted 00:28:27 (7119 turns).

PurpleRed the Zephyrmancer (Tengu Air Elementalist) Turns: 7119, Time: 00:28:28

Health: -1/45      AC:  4    Str:  8    XL:     9   Next: 49%
Magic:  23/29      EV: 12    Int: 19    God:    Vehumet [......]
Gold:   111        SH:  0    Dex: 15    Spells: 9/22 levels left

rFire  . . .     SeeInvis .     B - +2 dagger (flame)
rCold  . . .     Gourm    .     r - +1 leather armour (curse)
rNeg   . . .     Faith    .     (no shield)
rPois  .         Spirit   .     (helmet restricted)
rElec  .         Reflect  .     (no cloak)
rCorr  .         Harm     +     (no gloves)
MR     .....                    (boots unavailable)
Stlth  ++........               u - amulet of harm
                                v - ring of wizardry
                                g - ring of magical power

@: no status effects
A: beak, talons 3, able to fly 1
a: Fly, Renounce Religion


You were on level 6 of the Dungeon.
You worshipped Vehumet.
Vehumet was noncommittal.
You were not hungry.

You visited 2 branches of the dungeon, and saw 7 of its levels.

You collected 251 gold pieces.
You spent 140 gold pieces at shops.

Inventory:

Hand Weapons
 y - a +1 dagger of venom
 A - a cursed -3 blowgun
 B - a +2 dagger of flaming (weapon)
Missiles
 C - 8 poisoned needles
Armour
 f - a +0 ring mail of cold resistance
 r - a cursed +1 leather armour (worn)
 z - a +3 ring mail
Jewellery
 e - an uncursed ring of resist corrosion
 g - a ring of magical power (left hand)
 u - an amulet of harm (around neck)
 v - a ring of wizardry (right hand)
Wands
 l - a wand of lightning (6/15)
Scrolls
 k - 5 scrolls of teleportation
 o - 2 scrolls of magic mapping
 p - 3 scrolls of recharging
 s - a scroll of remove curse
 w - a scroll of identify
 x - a scroll of enchant armour
Potions
 d - a potion of lignification
 h - 2 potions of flight
 i - 3 potions of invisibility
 j - 2 potions of cure mutation
 m - 4 potions of curing
 n - 2 potions of agility
 E - a potion of magic
Comestibles
 c - 4 bread rations
 q - 4 meat rations
 t - a fruit
 D - a beef jerky


   Skills:
 - Level 2.2 Dodging
 - Level 2.2 Stealth
 + Level 7.0 Spellcasting
 + Level 9.6 Conjurations
 + Level 9.8 Air Magic


You had 9 spell levels left.
You knew the following spells:

 Your Spells              Type           Power        Failure   Level  Hunger
a - Shock                 Conj/Air       ####         1%          1    None
b - Repel Missiles        Chrm/Air       ####..       1%          2    None
c - Swiftness             Chrm/Air       ####....     1%          2    None
d - Static Discharge      Conj/Air       #####...     1%          3    #......
e - Lightning Bolt        Conj/Air       #####.....   4%          5    #####..


Dungeon Overview and Level Annotations

Branches:
Dungeon (6/15)             Temple (1/1) D:5

Altars:
Ashenzari
Cheibriados
Dithmenos
Elyvilon
Fedhas
Gozag
Hepliaklqana
Kikubaaqudgha
Makhleb
Nemelex Xobeh
Okawaru
Ru
Sif Muna
Trog
Uskayaw
Vehumet
Xom
Yredelemnul
Zin
The Shining One

Shops:
D:4 *


Innate Abilities, Weirdness & Mutations

You have a beak for a mouth.
You have claws for feet.
You can fly.


Message History

Things that are here:
a giant spiked club; an ogre corpse You butcher the ogre corpse.
A steam dragon comes into view.
Things that are here:
a giant spiked club; 4 chunks of flesh The steam dragon breathes steam at you.
The ball of steam hits you!
A centaur comes into view.
The centaur drinks a potion.
The centaur suddenly seems more agile.
The centaur wields a shortbow.
The centaur shoots an arrow.
The arrow closely misses you.
The centaur shoots an arrow.
The arrow hits you but does no damage.
Things that are here:
an arrow; a whip The steam dragon breathes steam at you.
The ball of steam hits you!
* * * LOW HITPOINT WARNING * * *
The centaur shoots an arrow.
The arrow hits you!
You die...

...... ##.....
.......§............ .#
.....§.............
.%.###..##.§............
...........#............
.....c....)...........#.
..........§§D..>..(.....
#......@§§##..........#
................))....#
.............)....<..)#
###.........(......(..#
############.......##
#......## #.##.###
#.##.# #.##.#


You could see a centaur.

Vanquished Creatures
  The ghost of RexxRaptorr the Insei, a novice OpTm of Makhleb (D:5)
  Prince Ribbit (D:5)
  Eustachio (D:5)
  An ice beast (D:5)
  An orc warrior (D:5)
  A phantom (D:5)
  A centaur (D:5)
  An ogre (D:6)
  A wyvern zombie (D:6)
  A bullfrog zombie (D:5)
  A crimson imp (D:5)
  A quasit (D:6)
  A jelly (D:6)
  3 centaur zombies
  4 hounds
  A centaur skeleton (D:4)
  2 orc priests
  2 bullfrog skeletons (D:4)
  2 iguanas
  3 orc wizards
  2 worker ants
  2 hound skeletons (D:3)
  6 gnolls
  5 adders
  An adder skeleton (D:4)
  3 worms
  4 leopard geckos
  27 orcs
  6 bats
  7 giant cockroaches
  15 goblins
  12 hobgoblins
  11 jackals
  13 kobolds
  3 quokkas
  3 ball pythons
  5 frilled lizards
  A rat (D:1)
156 creatures vanquished.

Notes
Turn   | Place    | Note
-------+----------+-------------------------------------------
     0 | D:1      | PurpleRed the Tengu Air Elementalist began the quest for the Orb.
     0 | D:1      | Reached XP level 1. HP: 10/10 MP: 4/4
   158 | D:1      | You fall through a shaft!
   204 | D:1      | Reached XP level 2. HP: 15/15 MP: 3/6
   270 | D:1      | Learned a level 2 spell: Repel Missiles
   273 | D:1      | Learned a level 2 spell: Swiftness
  1144 | D:2      | Reached XP level 3. HP: 12/19 MP: 3/7
  1599 | D:2      | Reached XP level 4. HP: 24/24 MP: 3/9
  1678 | D:2      | Learned a level 3 spell: Static Discharge
  2394 | D:3      | Gained mutation: You can fly. [Tengu growth]
  2394 | D:3      | Reached XP level 5. HP: 28/28 MP: 6/11
  3442 | D:4      | Reached skill level 5 in Air Magic
  3442 | D:4      | Reached XP level 6. HP: 13/32 MP: 13/13
  3911 | D:4      | Reached skill level 5 in Conjurations
  4179 | D:4      | Found Ytikaitz's Assorted Antiques.
  4243 | D:4      | Bought a small granite ring for 100 gold pieces
  4243 | D:4      | Bought a scroll labeled CEDUCA GAHON for 20 gold pieces
  4243 | D:4      | Bought a scroll labeled LAOMAIRPHUA for 20 gold pieces
  4252 | D:4      | Learned a level 5 spell: Lightning Bolt
  4631 | D:5      | Entered Level 5 of the Dungeon
  4674 | D:5      | Noticed a sky beast
  4695 | D:5      | Reached XP level 7. HP: 36/36 MP: 14/14
  5012 | D:5      | Noticed Eustachio
  5025 | D:5      | Killed Eustachio
  5043 | D:5      | Noticed RexxRaptorr's ghost (novice OpTm)
  5143 | D:5      | Killed RexxRaptorr's ghost
  5143 | D:5      | Reached skill level 5 in Spellcasting
  5143 | D:5      | Reached XP level 8. HP: 41/41 MP: 17/17
  5234 | D:5      | Noticed Prince Ribbit
  5237 | D:5      | Killed Prince Ribbit
  5608 | D:5      | Found a staircase to the Ecumenical Temple.
  5617 | Temple   | Entered the Ecumenical Temple
  5764 | Temple   | Became a worshipper of Vehumet
  5948 | D:5      | Reached XP level 9. HP: 42/45 MP: 19/19
  7119 | D:6      | Shot with an arrow by a centaur

Vault maps used:
D:1:      dpeg_arrival_rhombus
D:2:      minivault_5
D:4:      serial_shops, nicolae_shop_overgrown_old_shop, first_bread
D:5:      corexii_shantytown, uniq_eustachio, uniq_prince_ribbit1
D:6:      kennysheep_steamy
Temple:   regret_index_temple_chain_breaker

Skill      XL: |  1  2  3  4  5  6  7  8  9 |
---------------+----------------------------+-----
Conjurations   | 2 3 4 5 7 8 9 |  9.6
Spellcasting   | 3 4 5 6 7 |  7.0
Air Magic      | 5 7 8 9 |  9.8
Dodging        | |  2.2
Stealth        | |  2.2

Action                   |  1- 3 |  4- 6 |  7- 9 || total
-------------------------+-------+-------+-------++-------
 Cast: Shock             |    52 |   144 |    92 ||   288
       Repel Missiles    |     1 |     1 |       ||     2
       Static Discharge  |       |     3 |     1 ||     4
       Lightning Bolt    |       |       |    23 ||    23
  Use: Scroll            |       |    16 |     1 ||    17
       Potion            |       |       |     1 ||     1
  Eat: Chunk             |     3 |     8 |    14 ||    25
       Fruit             |       |     1 |     1 ||     2
Armor: Robe              |     3 |     4 |     3 ||    10
       Leather armour    |       |       |     7 ||     7
Dodge: Dodged            |    20 |    25 |    24 ||    69
       Deflected         |     1 |       |     4 ||     5
